 Dungeon Crawl Stone Soup version 0.16-a0-702-gf4f471d (webtiles) character file.

477047 Ratboiler the Black Belt (level 24, -6/166 HPs)
             Began as an Octopode Enchanter on Sept 17, 2014.
             Was the Champion of Dithmenos.
             Mangled by a purple very ugly thing (30 damage)
             ... on Level 2 of the Depths on Sept 20, 2014.
             The game lasted 06:44:20 (65961 turns).

Ratboiler the Black Belt (Octopode Enchanter)      Turns: 65961, Time: 06:44:21

HP  -6/166       AC  7     Str 11      XL: 24   Next: 46%
MP  18/38        EV 29     Int 21 (22) God: Dithmenos [******]
Gold 3744        SH 18     Dex 15      Spells: 15 memorised,  4 levels left

rFire  + . .     SeeInvis +       - Unarmed
rCold  + . .     Clarity  +     x - +5 shield {rC+}
rNeg   . . .     rCorr    .     b - +2 hat
rPois  .         rRot     .     J - amulet of clarity
rElec  .         Spirit   .     R - +4 ring of protection
SustAb .         Warding  .     K - +5 ring of evasion
rMut   .         Stasis   .     d - ring of protection from fire
Gourm  .                        V - ring of wizardry
MR     +++..                    X - ring of regeneration
                                H - ring of see invisible
                                W - ring of protection from magic
                                n - ring of Seewk {+Rage MR+}

@: very slightly contaminated, wreathed by umbra, extremely resistant to hostile
enchantments, uncannily stealthy
A: almost no armour, amphibious, 8 rings, constrict 8, repulsion field 1,
camouflage 1, gelatinous body 1
a: Shadow Step, Shadow Form, Renounce Religion, Evoke Berserk Rage
}: 3/15 runes: barnacled, silver, gossamer


You were on level 2 of the Depths.
You worshipped Dithmenos.
Dithmenos was exalted by your worship.
You were near starving.

You visited 8 branches of the dungeon, and saw 47 of its levels.
You also visited: Labyrinth and Wizlab.

You collected 5298 gold pieces.
You spent 1554 gold pieces at shops.

Inventory:

Armour
 b - a +2 hat (worn)
 x - a +5 shield of cold resistance (worn)
Magical devices
 e - a wand of heal wounds (0)
 f - a wand of disintegration (6)
 j - a wand of digging (17)
 y - a wand of hasting (3)
 C - a wand of polymorph (12)
 G - a wand of teleportation (3)
 P - a wand of disintegration (13)
 T - a wand of digging (1)
Comestibles
 t - 3 meat rations
 w - 11 royal jellies
 M - 16 fruits
 U - 3 bread rations
Scrolls
 a - 2 scrolls of identify
 h - 2 scrolls of fog
 l - 3 scrolls of recharging
 p - 26 scrolls of remove curse
 q - a scroll of fear
 v - 2 scrolls of magic mapping
 I - 2 scrolls of silence
 O - a scroll of vulnerability
Jewellery
 c - the ring of the Madman {Str+1 Stlth+}
   (You found it on level 15 of the Dungeon)

   [ring of strength]

   It affects your strength (+1).
   It makes you more stealthy.
 d - a ring of protection from fire (on tentacle)
 n - the ring of Seewk (on tentacle) {+Rage MR+}
   (You found it on level 1 of the Shoals)

   [ring of protection from magic]

   It affects your resistance to hostile enchantments.
   It lets you go berserk.
 s - an uncursed amulet of resist mutation
 A - an uncursed ring of teleport control
 D - an uncursed ring of ice
 H - a ring of see invisible (on tentacle)
 J - an amulet of clarity (around mantle)
 K - a +5 ring of evasion (right tentacle)
 N - the ring of Atzejiem {+Blink +Rage rPois MP+9 Stlth-}
   (You found it on level 4 of the Vaults)

   [ring of magical power]

   It protects you from poison.
   It affects your magic capacity (+9).
   It lets you blink.
   It lets you go berserk.
   It makes you less stealthy.
 R - a +4 ring of protection (left tentacle)
 V - a ring of wizardry (on tentacle)
 W - a ring of protection from magic (on tentacle)
 X - a ring of regeneration (on tentacle)
Potions
 g - a potion of porridge
 i - 19 potions of curing
 k - a potion of cancellation
 m - 2 potions of magic
 r - 2 potions of invisibility
 u - 5 potions of haste
 z - 6 potions of agility
 B - 3 potions of flight
 F - 9 potions of might
 L - 4 potions of berserk rage
 Q - a potion of resistance
 S - 9 potions of restore abilities
Magical staves
 o - an uncursed staff of wizardry
Miscellaneous
 E - a box of beasts {used: 2}
 Y - a sack of spiders {used: 2}


   Skills:
 - Level 14.0 Fighting
   Level 4.1 Short Blades
 - Level 15.3 Dodging
 - Level 19.2 Stealth
 - Level 15.2 Shields
 * Level 20.9 Unarmed Combat
 - Level 10.6 Spellcasting
 - Level 7.7 Conjurations
 - Level 8.5 Hexes
 - Level 5.7 Charms
 - Level 3.2 Translocations
 - Level 9.5 Transmutations
 - Level 3.1 Ice Magic
 - Level 5.0 Air Magic
 - Level 12.2 Earth Magic


You had 4 spell levels left.
You knew the following spells:

 Your Spells              Type           Power        Failure   Level  Hunger
a - Stoneskin             Trmt/Erth      ######..     1%          2    None
b - Ensorcelled Hibernat  Hex/Ice        #####.       1%          2    None
c - Confuse               Hex            #####...     1%          3    None
d - Dazzling Spray        Conj/Hex       #####...     1%          3    None
e - Statue Form           Trmt/Erth      ######...    4%          6    ######.
f - Ozocubu's Armour      Chrm/Ice       ####....     1%          3    None
g - Blink                 Tloc           N/A          1%          2    None
h - Swiftness             Chrm/Air       ####....     1%          2    None
i - Repel Missiles        Chrm/Air       ####..       1%          2    None
j - Apportation           Tloc           ###.......   1%          1    None
k - Regeneration          Chrm/Necr      ###.......   2%          3    None
l - Blade Hands           Trmt           ######....   1%          5    ####...
m - Ice Form              Ice/Trmt       #####...     2%          4    ##.....
n - Summon Butterflies    Summ           ##......     3%          1    None
o - Animate Skeleton      Necr           N/A          3%          1    None


Dungeon Overview and Level Annotations

Branches:
Dungeon (15/15)            Temple (0/1) D:6             Orc (4/4) D:9
    Elf (3/3) Orc:4          Lair (8/8) D:9          Shoals (5/5) Lair:3
 Spider (5/5) Lair:5        Slime (0/6) Lair:8       Vaults (5/5) D:13
 Depths (2/5) D:15
  Crypt: Vaults:2-3

Altars:
Ashenzari
Cheibriados
Dithmenos
Gozag
Kikubaaqudgha
Makhleb
Nemelex Xobeh
Okawaru
Sif Muna
The Shining One
Beogh
Jiyva

Shops:
Orc:1 (   Orc:2 }   Orc:4 =%(!   Shoals:5 !

Portals:
Abyss: Depths:1
Ziggurat: Depths:2
Trove: D:11 (show abyssal rune of Zot)

Annotations:
D:4 Elizilla's ghost, average TrMo
D:5 SnowFan's ghost, experienced SpVM
D:8 asdu's ghost, experienced VSBe
Orc:1 Pirate's ghost, experienced MiMo
Lair:1 Fannar
Shoals:4 Asterion; Mara
Shoals:5 Ilsuiw
Spider:5 Norris
Vaults:3 Boris; Jory


Innate Abilities, Weirdness & Mutations

You cannot wear most types of armour.
You are amphibious.
You can wear up to eight rings at the same time.
You can use your tentacles to constrict many enemies at once.
Your skin changes colour to match your surroundings (Stealth).
Your rubbery body absorbs attacks (AC +1).
You are surrounded by a mild repulsion field (EV +2).


Message History

Evoke which item? (* to show all) (? for menu, Esc to quit)
Zapping:
e - a wand of heal wounds (1)
Press: ? - help, Shift-Dir - straight line, f - you You feel much better.
This wand has 0 charges left.
The deep troll earth mage closely misses you.
You block the deep troll earth mage's attack.
The deep troll earth mage claws you.
* * * LOW HITPOINT WARNING * * *
You block the purple very ugly thing's attack.
The deep troll shaman misses you. x3
The deep troll earth mage completely misses you.
The deep troll earth mage claws you!!
* * * LOW HITPOINT WARNING * * *
The deep troll earth mage completely misses you.
Unknown command.
The emperor scorpion completely misses you.
You block the emperor scorpion's attack. x2
The deep troll shaman calls upon its god to strengthen something.
Some rock shatters into small pieces.
The purple very ugly thing kicks you!!
You die...

##...##≈....................
#.<.#.(#.(...(..#.........
##(..##(#...(....##........
##.###.##))).(..........>..#
##.##.##.#))................
#.##...##..((......§.......
#.###......).....YT.≈≈§.....
#......#.........uc§≈≈≈≈≈.....
####.....#......@.TuT≈≈≈≈......
##...........#sTc§§§≈≈T......
#.......#....##sTTT§≈§.......#
#...§.≈.....<##.§#.u.§≈≈........
#....§≈§.........##.uc≈≈........
#...≈≈∩≈§...#....#uuT(T.........
#.§..§≈≈§..##......D.c.((...$...
#.....≈....###.#................
........... #####..............


You could see 2 emperor scorpions, a dire elephant, a purple very ugly thing, a
yaktaur captain, a purple ugly thing, a centaur warrior, 2 deep trolls, a deep
troll earth mage and a deep troll shaman.

Vanquished Creatures
  Sojobo (Depths:1)
  3 golden dragons (Vaults:5)
  Nikola (Depths:1)
  The ghost of flinch the Shatterer, a mighty OgBe of Trog (Elf:3)
  4 tentacled monstrosities
  A quicksilver dragon (Vaults:5)
  A Shadow Fiend (Elf:3)
  2 deep elf blademasters (Elf:3)
  2 deep elf master archers (Elf:3)
  5 titans (Vaults:5)
  A storm dragon (Vaults:5)
  A kraken (Shoals:2)
  Rupert (Vaults:4)
  4 shadow dragons
  Kirke (Elf:2)
  2 sphinxes
  7 tengu reavers
  4 fire giants
  Wiglaf (Elf:2)
  Maud (Lair:4)
  5 deep elf sorcerers
  3 frost giants
  Aizul (Depths:1)
  2 ghouls (Vaults:4)
  18 vault wardens
  3 emperor scorpions
  5 ghost moths
  Jorgrun (Spider:2)
  A very ugly thing (Vaults:2)
  6 rakshasas
  4 war gargoyles (Vaults:5)
  11 deep elf demonologists
  13 stone giants
  7 deep elf annihilators
  A dire elephant (Depths:1)
  15 ettins
  34 vault guards
  6 merfolk impalers
  4 merfolk javelineers
  13 deep elf death magi
  A great orb of eyes (Vaults:3)
  4 fire dragons
  8 minotaurs
  19 yaktaur captains
  6 deep elf high priests
  19 ironheart preservers
  3 small abominations (Vaults:5)
  11 ogre magi
  2 ice dragons
  8 sirens
  6 deep troll earth magi
  9 merfolk aquamancers
  A spriggan air mage (Depths:1)
  2 alligator snapping turtles (Shoals:3)
  5 hydras
  10 centaur warriors
  3 deep troll shamans (Depths:1)
  2 satyrs (Shoals:5)
  A vampire mage (D:15)
  10 death yaks
  2 tengu warriors (Depths:1)
  6 orc high priests (Orc:4)
  A dancing weapon (Vaults:5)
  4 hell knights (Vaults:4)
  Urug (D:13)
  2 soul eaters
  3 catoblepae (Lair:8)
  A fire crab (shapeshifter) (Depths:1)
  A storm dragon skeleton (Vaults:2)
  2 fire crabs
  12 deep elf knights
  10 skeletal warriors
  2 shadow wraiths
  26 deep trolls
  A hell beast (Depths:1)
  5 iron trolls (Depths:1)
  A flayed ghost (Vaults:4)
  4 unseen horrors
  15 sea snakes
  A giant orange brain (Vaults:5)
  A death drake (shapeshifter) (Vaults:5)
  3 tengu zombies
  14 deep elf summoners
  15 deep elf conjurers
  A deep troll (shapeshifter) (Vaults:5)
  11 ironbrand convokers
  8 necromancers
  11 orb spiders
  9 hill giants
  15 griffons
  23 orc knights
  A sphinx zombie (Vaults:1)
  19 ugly things
  3 phantasmal warriors
  5 wizards
  An oklob plant (Lair:4)
  An orc sorcerer (Vaults:5)
  A red wasp (Vaults:5)
  An ugly thing zombie (D:15)
  A tengu skeleton (Vaults:3)
  31 harpies
  A draconian (shapeshifter) (Vaults:2)
  9 fauns
  2 sphinx skeletons
  5 water nymphs
  35 wolf spiders
  14 manticores
  A moth of wrath (Spider:2)
  A salamander (Depths:2)
  A frost giant zombie (D:15)
  10 mermaids
  A stone giant skeleton (Vaults:2)
  12 elephants
  A fire giant skeleton (Vaults:2)
  An iron devil (Vaults:1)
  A dire elephant zombie (D:15)
  A frost giant skeleton (Vaults:2)
  12 vault sentinels
  5 black mambas
  A queen ant (Spider:1)
  2 feature mimics
  3 cyclopes
  3 torpor snails
  A torpor snail (shapeshifter) (Elf:1)
  A centaur zombie (D:15)
  2 gargoyles
  15 spiny frogs
  8 komodo dragons
  An orange demon (Elf:3)
  2 spiny frogs (shapeshifter)
  An emperor scorpion zombie (WizLab)
  5 fire drakes
  An item mimic (D:12)
  A smoke demon (Vaults:1)
  53 yaktaurs
  A wandering mushroom (Lair:8)
  A blue devil (Vaults:5)
  A tengu conjurer (D:14)
  A fire drake (shapeshifter) (Vaults:4)
  A hellwing (Vaults:4)
  A red devil (Depths:1)
  2 yaktaur skeletons
  A komodo dragon (shapeshifter) (Vaults:5)
  Grinder (D:6)
  A guardian mummy (D:15)
  8 freezing wraiths
  3 minotaur zombies
  4 kobold demonologists
  A ghoul skeleton (Vaults:4)
  A polar bear (Lair:4)
  2 efreet
  19 demonic crawlers
  19 deep elf priests
  22 merfolk
  A harpy skeleton (Vaults:4)
  4 human zombies
  A hydra skeleton (D:12)
  A queen bee (D:9)
  9 trolls
  A raiju (shapeshifter) (Vaults:3)
  A trapdoor spider zombie (D:12)
  17 blink frogs
  45 jumping spiders
  23 two-headed ogres
  9 ravens
  2 wind drakes
  A boulder beetle (shapeshifter) (Elf:1)
  5 snapping turtles
  25 slime creatures
  6 boulder beetles
  9 basilisks
  A griffon zombie (D:15)
  A trapdoor spider (shapeshifter) (Vaults:5)
  81 redbacks
  2 air elementals (Depths:1)
  26 tarantellas
  20 water elementals
  28 humans
  77 yaks
  A shadow (D:13)
  28 trapdoor spiders
  7 vampire mosquitoes
  3 hogs (Elf:2)
  32 deep elf fighters
  Eustachio (D:6)
  A steam dragon (shapeshifter) (Elf:2)
  A hog (shapeshifter) (Vaults:5)
  12 vampires
  29 deep elf magi
  A hungry ghost (D:9)
  10 wyverns
  14 hippogriffs
  A chaos spawn (Elf:3)
  A fire bat (shapeshifter) (Vaults:4)
  3 wraiths
  17 soldier ants (Spider:1)
  6 wolves
  4 nagas (Lair:3)
  2 mottled dragons
  3 hell hounds
  9 human skeletons
  A wolf (shapeshifter) (Vaults:4)
  10 porcupines
  11 wargs
  A soldier ant (shapeshifter) (D:14)
  17 water moccasins
  An ogre (shapeshifter) (Vaults:2)
  48 ogres
  A red wasp simulacrum (D:15)
  4 phantoms
  6 ice beasts
  41 spiders
  66 orc warriors
  5 sky beasts
  8 boggarts
  6 necrophages
  An orc zombie (Vaults:1)
  A boring beetle (Spider:2)
  A yellow wasp (Spider:1)
  21 centaurs
  A centaur (shapeshifter) (Vaults:5)
  A manticore skeleton (D:10)
  A boring beetle (shapeshifter) (D:15)
  15 crocodiles
  An orc skeleton (Vaults:2)
  8 big kobolds
  Blork the orc (Vaults:4)
  24 giant frogs
  A wyvern zombie (D:11)
  A gnoll sergeant (D:6)
  A cyclops skeleton (D:11)
  A human simulacrum (Depths:1)
  4 scorpions
  An eye of draining (shapeshifter) (Elf:2)
  2 eyes of draining
  14 killer bees (D:9)
  A boulder beetle zombie (D:15)
  14 wights
  2 goliath beetles
  2 yaktaur simulacra (D:15)
  7 electric eels
  15 hounds
  6 jellies
  17 crimson imps
  A giant frog zombie (D:13)
  Crazy Yiuf (D:2)
  2 elf zombies
  5 iguanas
  48 orc priests
  Natasha (thrice) (D:6)
  31 orc wizards
  45 worker ants
  7 orange rats
  A quasit (D:12)
  20 sheep
  Ijyb (D:2)
  Jessica (D:3)
  A necrophage skeleton (Vaults:4)
  A hound zombie (D:8)
  An ogre skeleton (D:7)
  Terence (D:3)
  2 mummies
  A worker ant zombie (D:11)
  31 adders
  9 gnolls (D:6)
  42 green rats
  A giant mite (D:1)
  A worm (D:2)
  4 giant geckos
  202 orcs
  A bat skeleton (D:4)
  5 giant cockroaches
  20 hobgoblins
  4 jackals
  31 kobolds
  2 oozes
  A ball python (D:6)
  15 bats
  A giant gecko skeleton (D:5)
  8 giant newts
  2 giant spores
  19 goblins
  A hobgoblin skeleton (D:6)
  11 quokkas
  15 rats
  22 ballistomycetes
  A butterfly (Lair:7)
  3 crawling corpses
  A fungus (Elf:3)
  A macabre mass (Vaults:5)
2505 creatures vanquished.

Vanquished Creatures (collateral kills)
  An emperor scorpion (Spider:5)
  2 harpies (Shoals:5)
  A mermaid (Shoals:5)
  A demonic crawler (Spider:5)
  3 merfolk (Shoals:5)
  A trapdoor spider (Spider:5)
9 creatures vanquished.

Vanquished Creatures (others)
  A tengu reaver (Vaults:5)
  A deep elf sorcerer (Elf:3)
  A deep elf annihilator (Elf:3)
  A deep troll (Vaults:5)
  2 harpies (Shoals:5)
  A wolf spider (Spider:5)
  A mermaid (Shoals:5)
  33 drowned souls
  A centaur skeleton (D:13)
  A fire drake (shapeshifter) (Vaults:3)
  A jumping spider (Spider:5)
  2 merfolk (Shoals:5)
  A freezing wraith (Vaults:5)
  A deep elf fighter (Elf:3)
  3 spiders
  A necrophage (Vaults:4)
  A human (D:9)
  A boggart (Vaults:2)
  A centaur (D:13)
  6 lost souls
  An orc wizard (Vaults:3)
  An ufetubus (Vaults:5)
  4 orcs
  3 giant spores
  A ballistomycete (D:13)
  9 fungi
  22 plants
  13 tentacles
  86 tentacle segments
201 creatures vanquished.

Grand Total: 2715 creatures vanquished

Notes
Turn   | Place    | Note
--------------------------------------------------------------
     0 | D:1      | Ratboiler, the Octopode Enchanter, began the quest for the Orb.
     0 | D:1      | Reached XP level 1. HP: 11/11 MP: 3/3
   381 | D:1      | Reached XP level 2. HP: 17/17 MP: 4/4
   385 | D:1      | Learned a level 2 spell: Ensorcelled Hibernation
   624 | D:1      | Reached skill level 5 in Stealth
   714 | D:1      | Reached XP level 3. HP: 21/21 MP: 6/6
   719 | D:1      | Learned a level 3 spell: Confuse
   864 | D:2      | Reached XP level 4. HP: 24/27 MP: 0/7
  1024 | D:2      | Found a shadowy altar of Dithmenos.
  1057 | D:2      | Became a worshipper of Dithmenos the Shadowed
  1359 | D:2      | Noticed Ijyb
  1364 | D:2      | Killed Ijyb
  1364 | D:2      | Reached skill level 6 in Stealth
  1704 | D:2      | Noticed Crazy Yiuf
  1711 | D:2      | Killed Crazy Yiuf
  1711 | D:2      | Reached XP level 5. HP: 17/31 MP: 9/9
  1731 | D:2      | Gained mutation: You are partially covered in thin metallic scales (AC +2). [potion of beneficial mutation]
  2043 | D:3      | Noticed Jessica
  2044 | D:3      | Noticed Terence
  2047 | D:3      | Killed Jessica
  2116 | D:3      | Killed Terence
  2116 | D:3      | Reached skill level 7 in Stealth
  2417 | D:3      | Found a burning altar of Makhleb.
  2417 | D:3      | Found a shattered altar of Ashenzari.
  2418 | D:3      | Reached XP level 6. HP: 36/36 MP: 10/10
  2690 | D:4      | Noticed Elizilla's ghost (average TrMo)
  2727 | D:4      | Found a glowing golden altar of the Shining One.
  2824 | D:4      | Reached skill level 8 in Stealth
  3103 | D:4      | Learned a level 3 spell: Dazzling Spray
  3160 | D:4      | Found a deep blue altar of Sif Muna.
  3246 | D:5      | Entered Level 5 of the Dungeon
  3350 | D:5      | Acquired Dithmenos' first power
  3350 | D:5      | Reached XP level 7. HP: 41/41 MP: 12/12
  3547 | D:5      | Reached skill level 9 in Stealth
  3547 | D:5      | Reached skill level 5 in Hexes
  3733 | D:5      | Noticed SnowFan's ghost (experienced SpVM)
  3920 | D:5      | Reached skill level 1 in Conjurations
  4001 | D:5      | Reached XP level 8. HP: 26/46 MP: 10/13
  4265 | D:6      | Noticed Eustachio
  4474 | D:6      | Found a staircase to the Ecumenical Temple.
  4525 | D:6      | Killed Eustachio
  4567 | D:6      | Reached skill level 10 in Stealth
  4640 | D:6      | Noticed Grinder
  4802 | D:6      | Noticed Natasha
  4811 | D:6      | Killed Natasha
  4838 | D:6      | Reached skill level 5 in Conjurations
  5091 | D:6      | Reached XP level 9. HP: 51/51 MP: 0/14
  5225 | D:6      | Noticed Natasha
  5233 | D:6      | Killed Natasha
  5252 | D:6      | Killed Grinder
  5252 | D:6      | Reached skill level 1 in Fighting
  5267 | D:6      | Noticed Natasha
  5271 | D:6      | Killed Natasha
  5521 | D:6      | Acquired Dithmenos' second power
  5654 | D:6      | Reached skill level 11 in Stealth
  5835 | D:7      | Reached skill level 1 in Shields
  6071 | D:7      | Learned a level 2 spell: Shroud of Golubria
  6731 | D:8      | Reached XP level 10. HP: 30/63 MP: 2/16
  7292 | D:8      | Found a sparkling altar of Nemelex Xobeh.
  7405 | D:8      | Reached skill level 5 in Dodging
  7483 | D:8      | Acquired Dithmenos' third power
  7678 | D:8      | Reached skill level 12 in Stealth
  7840 | D:8      | Found a snail-covered altar of Cheibriados.
  7862 | D:8      | Noticed asdu's ghost (experienced VSBe)
  8085 | D:9      | Noticed a hill giant
  8182 | D:9      | Found a roughly hewn altar of Beogh.
  8182 | D:9      | Found a staircase to the Orcish Mines.
  8345 | D:9      | Reached skill level 5 in Shields
  8785 | D:9      | Killed a hill giant
  8845 | D:9      | Found a staircase to the Lair.
  9384 | D:9      | Reached skill level 5 in Fighting
  9688 | D:9      | Reached XP level 11. HP: 71/71 MP: 18/18
  9823 | Lair:1   | Entered Level 1 of the Lair of Beasts
  9840 | Lair:1   | Learned a level 3 spell: Ozocubu's Armour
  9925 | Lair:1   | Reached skill level 1 in Charms
 10846 | Lair:1   | Noticed Fannar
 11046 | Lair:2   | Reached skill level 13 in Stealth
 11804 | Lair:2   | Noticed a six-headed hydra
 12043 | Lair:3   | Found a shattered altar of Ashenzari.
 12146 | Lair:3   | Found a staircase to the Snake Pit.
 12154 | Lair:3   | the staircase to the Snake Pit was a mimic.
 12237 | Lair:3   | Reached XP level 12. HP: 65/79 MP: 12/22
 12613 | Lair:3   | Learned a level 2 spell: Blink
 12770 | Lair:3   | Reached skill level 5 in Charms
 12981 | Lair:3   | Found a staircase to the Shoals.
 13668 | Lair:4   | Noticed Maud
 13698 | Lair:4   | Killed Maud
 13698 | Lair:4   | Reached skill level 1 in Translocations
 13916 | Lair:4   | Noticed a death yak
 13916 | Lair:4   | Noticed a death yak
 13916 | Lair:4   | Noticed a death yak
 13960 | Lair:4   | Noticed a death yak
 14200 | Lair:3   | Noticed a death yak
 14509 | Orc:1    | Entered Level 1 of the Orcish Mines
 14697 | Orc:1    | Found Stras' Weapon Shoppe.
 14755 | Orc:1    | Noticed Pirate's ghost (experienced MiMo)
 14878 | Orc:2    | Found Joshraowk's Gadget Boutique.
 14904 | Orc:2    | Reached skill level 1 in Ice Magic
 15224 | Orc:3    | Reached skill level 5 in Spellcasting
 15699 | Orc:3    | Found a roughly hewn altar of Beogh.
 15824 | Orc:3    | Acquired Dithmenos' fourth power
 16441 | Orc:4    | Entered Level 4 of the Orcish Mines
 16456 | Orc:4    | Noticed an orc high priest
 16463 | Orc:4    | Noticed a stone giant
 16492 | Orc:4    | Found a staircase to the Elven Halls.
 16908 | Orc:4    | Killed an orc high priest
 17760 | Orc:4    | Learned a level 5 spell: Lightning Bolt
 17976 | Orc:4    | Reached skill level 14 in Stealth
 17976 | Orc:4    | Reached skill level 1 in Air Magic
 17976 | Orc:4    | Reached XP level 13. HP: 86/86 MP: 16/25
 18454 | Orc:4    | Noticed an orc high priest
 18455 | Orc:4    | Killed an orc high priest
 18857 | Orc:4    | Noticed an orc high priest
 19024 | Orc:4    | Killed a stone giant
 19391 | Orc:4    | Noticed an orc high priest
 19656 | Orc:4    | Killed an orc high priest
 19840 | Orc:4    | Killed an orc high priest
 20013 | Orc:4    | Noticed an orc high priest
 20014 | Orc:4    | Noticed an orc high priest
 20193 | Orc:4    | Killed an orc high priest
 20227 | Orc:4    | Found Enupha's Jewellery Shoppe.
 20227 | Orc:4    | Found Scharghui's Food Emporium.
 20230 | Orc:4    | Found Shroistri's Antique Weapon Shoppe.
 20239 | Orc:4    | Killed an orc high priest
 20240 | Orc:4    | Found Rexzesij's Distillery.
 20242 | Orc:4    | Bought a potion of berserk rage for 36 gold pieces
 20247 | Orc:4    | Bought a cursed ring of magical power for 204 gold pieces
 20247 | Orc:4    | Bought an uncursed ring of wizardry for 360 gold pieces
 20247 | Orc:4    | Bought an uncursed ring of protection from magic for 300 gold pieces
 20247 | Orc:4    | Bought an uncursed ring of regeneration for 360 gold pieces
 20247 | Orc:4    | Bought an uncursed ring of stealth for 210 gold pieces
 20273 | Orc:4    | Bought a potion of curing for 24 gold pieces
 20273 | Orc:4    | Bought a potion of heal wounds for 36 gold pieces
 20273 | Orc:4    | Bought a potion of curing for 24 gold pieces
 20745 | D:9      | Found an ancient bone altar of Kikubaaqudgha.
 20804 | D:10     | Entered Level 10 of the Dungeon
 22222 | D:11     | Found a portal to a secret trove of treasure.
 22730 | Lair:1   | Reached skill level 5 in Air Magic
 22747 | Lair:1   | Learned a level 6 spell: Statue Form
 22816 | Lair:4   | Reached skill level 10 in Dodging
 22816 | Lair:4   | Reached skill level 1 in Earth Magic
 22888 | Lair:4   | Reached skill level 1 in Transmutations
 23100 | Lair:4   | Noticed a death yak
 23176 | Lair:5   | Reached XP level 14. HP: 94/94 MP: 28/28
 24166 | Lair:5   | Reached skill level 15 in Stealth
 24578 | Lair:5   | Found a hole to the Spider Nest.
 26209 | Lair:6   | Reached skill level 5 in Earth Magic
 26424 | Lair:6   | Reached skill level 5 in Transmutations
 27163 | Lair:7   | Found a labyrinth entrance.
 27220 | Lab      | Entered a labyrinth
 27576 | Lab      | Got a crude eveningstar
 27580 | Lab      | Identified the cursed +3 eveningstar of the Mushroom {pain, MR+ Str+2 Dex+2 Int-3} (You found it in a labyrinth)
 27592 | Lab      | Learned a level 2 spell: Repel Missiles
 27938 | Lair:7   | Reached XP level 15. HP: 100/100 MP: 29/29
 28672 | Lair:8   | Entered Level 8 of the Lair of Beasts
 30741 | Lair:8   | Found a viscous altar of Jiyva.
 30741 | Lair:8   | Found a staircase to the Slime Pits.
 31185 | Spider:1 | Entered Level 1 of the Spider Nest
 32264 | Spider:1 | Identified the Papyrus of Earth (You found it on level 1 of the Spider Nest)
 32573 | Spider:2 | Reached skill level 10 in Fighting
 32646 | Spider:2 | Noticed Jorgrun
 32667 | Spider:2 | Killed Jorgrun
 32873 | Spider:2 | Reached XP level 16. HP: 80/109 MP: 4/32
 34292 | Spider:3 | Upgraded the game from 0.16-a0-621-gdc21f72 to 0.16-a0-623-g20b2139
 35834 | Spider:4 | Reached skill level 10 in Spellcasting
 36288 | Spider:5 | Entered Level 5 of the Spider Nest
 36290 | Spider:5 | Noticed Norris
 36527 | Spider:5 | Identified the Grimoire of Combat Magic (You found it on level 5 of the Spider Nest)
 37963 | Spider:5 | Reached skill level 16 in Stealth
 38346 | Spider:5 | Reached XP level 17. HP: 117/117 MP: 34/34
 38617 | Spider:5 | Got a gossamer rune of Zot
 39188 | Lair:1   | Learned a level 2 spell: Stoneskin
 39195 | Lair:1   | Learned a level 6 spell: Iron Shot
 39698 | D:12     | Learned a level 3 spell: Regeneration
 40391 | D:13     | Reached skill level 17 in Stealth
 40465 | D:13     | Found a gate to the Vaults.
 40859 | D:13     | Noticed Urug
 40878 | D:13     | Killed Urug
 41239 | D:13     | Found an opulent altar of Gozag.
 42120 | D:14     | Reached skill level 10 in Earth Magic
 42655 | D:15     | Entered Level 15 of the Dungeon
 42749 | D:15     | Found an iron altar of Okawaru.
 42795 | D:15     | Found a staircase to the Depths.
 42892 | D:15     | Reached XP level 18. HP: 127/127 MP: 35/35
 43020 | D:15     | Got a steaming turquoise ring
 43022 | D:15     | Identified the ring of the Madman {Str+1 Stlth+} (You found it on level 15 of the Dungeon)
 43989 | Lair:1   | Learned a level 2 spell: Swiftness
 44098 | Lair:3   | Killed a death yak
 44128 | Shoals:1 | Entered Level 1 of the Shoals
 44171 | Shoals:1 | Reached skill level 18 in Stealth
 44553 | Shoals:1 | Got a smoking granite ring
 44555 | Shoals:1 | Identified the ring of Seewk {+Rage MR+} (You found it on level 1 of the Shoals)
 46516 | Shoals:3 | Reached skill level 15 in Dodging
 47195 | Shoals:4 | Noticed Asterion
 47324 | Shoals:4 | Noticed Mara
 47508 | Shoals:5 | Entered Level 5 of the Shoals
 47529 | Shoals:5 | Reached XP level 19. HP: 135/135 MP: 29/36
 47550 | Shoals:5 | Reached skill level 19 in Stealth
 47953 | Shoals:5 | Got a warped whip
 47954 | Shoals:5 | Identified the +0 whip of the Lamprey {vamp, +Rage rPois rN+ Curse} (You found it on level 5 of the Shoals)
 48248 | Shoals:5 | Found Otruoqo's Distillery.
 48253 | Shoals:5 | Noticed Ilsuiw
 48709 | Shoals:5 | Got a barnacled rune of Zot
 49147 | Lair:1   | Learned a level 5 spell: Blade Hands
 49150 | Lair:1   | Learned a level 1 spell: Apportation
 49155 | Lair:1   | Learned a level 4 spell: Ice Form
 49329 | Elf:1    | Entered Level 1 of the Elven Halls
 49460 | Elf:1    | Reached skill level 1 in Unarmed Combat
 50328 | Elf:2    | Noticed Wiglaf
 50359 | Elf:2    | Killed Wiglaf
 50359 | Elf:2    | Reached skill level 5 in Unarmed Combat
 50772 | Elf:2    | Noticed Kirke
 50775 | Elf:2    | Killed Kirke
 51033 | Elf:3    | Entered Level 3 of the Elven Halls
 51493 | Elf:3    | Noticed flinch's ghost (mighty OgBe)
 51637 | Elf:3    | Killed flinch's ghost
 52124 | Elf:3    | Reached XP level 20. HP: 143/143 MP: 26/36
 52208 | Elf:3    | Identified a +5 rod of striking (12/12) (You took it off a deep elf mage on level 3 of the Elven Halls)
 52258 | Elf:3    | Reached skill level 10 in Unarmed Combat
 53069 | Elf:3    | Learned a level 1 spell: Summon Butterflies
 53566 | Depths:1 | Entered Level 1 of the Depths
 53566 | Depths:1 | Noticed Nikola
 53568 | Depths:1 | Noticed Sojobo
 53653 | Depths:1 | Killed Sojobo
 54079 | Depths:1 | Noticed Aizul
 54089 | Depths:1 | Killed Aizul
 54567 | Depths:1 | Killed Nikola
 54616 | Depths:1 | Upgraded the game from 0.16-a0-623-g20b2139 to 0.16-a0-702-gf4f471d
 54667 | Depths:1 | Found a gateway to Hell.
 54788 | Depths:1 | Found a one-way gate to the infinite horrors of the Abyss.
 55460 | Vaults:1 | Entered Level 1 of the Vaults
 55524 | Vaults:1 | Reached XP level 21. HP: 148/148 MP: 29/37
 56950 | Vaults:2 | Gained mutation: You are frail (-10% HP). [mutagenic glow]
 56961 | Vaults:2 | Lost mutation: You are frail (-10% HP). [potion of cure mutation]
 56961 | Vaults:2 | Lost mutation: You are partially covered in thin metallic scales (AC +2). [potion of cure mutation]
 57500 | Vaults:2 | Reached skill level 15 in Unarmed Combat
 57534 | Vaults:2 | Reached skill level 10 in Shields
 58055 | Vaults:2 | Found an ancient bone altar of Kikubaaqudgha.
 58511 | Vaults:2 | Found a staircase to the Crypt.
 58713 | Vaults:3 | Found a magical portal.
 58718 | Vaults:3 | Noticed Jory
 58739 | WizLab   | Entered Doroklohe's Tomb
 59716 | Vaults:3 | Noticed Boris
 60041 | Vaults:3 | Reached XP level 22. HP: 133/154 MP: 37/37
 60815 | Vaults:4 | Noticed Blork the orc
 61425 | Vaults:4 | Killed Blork the orc
 62048 | Vaults:4 | Got a heavily runed marble ring
 62052 | Vaults:4 | Identified the ring of Atzejiem {+Blink +Rage rPois MP+9 Stlth-} (You found it on level 4 of the Vaults)
 62350 | Vaults:4 | Noticed Rupert
 62369 | Vaults:4 | Killed Rupert
 62531 | Vaults:4 | Gained mutation: Your body is slowly deteriorating. [potion of mutation]
 62531 | Vaults:4 | Gained mutation: You are surrounded by a mild repulsion field (EV +2). [potion of mutation]
 62531 | Vaults:4 | Gained mutation: You are resistant to hostile enchantments. [potion of mutation]
 62532 | Vaults:4 | Lost mutation: You are resistant to hostile enchantments. [potion of cure mutation]
 62532 | Vaults:4 | Lost mutation: Your body is slowly deteriorating. [potion of cure mutation]
 62564 | Vaults:4 | Identified a +1 rod of inaccuracy (13/13) (You took it off a minotaur on level 4 of the Vaults)
 62931 | Lair:1   | Learned a level 1 spell: Animate Skeleton
 63229 | Vaults:5 | Entered Level 5 of the Vaults
 63266 | Vaults:5 | Reached XP level 23. HP: 160/160 MP: 38/38
 63657 | Vaults:5 | Got a silver rune of Zot
 64218 | Vaults:5 | Reached skill level 15 in Shields
 64718 | Vaults:5 | Reached XP level 24. HP: 166/166 MP: 34/38
 64882 | Vaults:5 | Reached skill level 20 in Unarmed Combat
 65886 | Depths:2 | Found a gateway to a ziggurat.
 65956 | Depths:2 | HP: 6/166 [deep troll earth mage (15)]
 65961 | Depths:2 | Mangled by a purple very ugly thing

Action                   |  1- 3 |  4- 6 |  7- 9 | 10-12 | 13-15 | 16-18 | 19-21 | 22-24 || total
-------------------------+-------+-------+-------+-------+-------+-------+-------+-------++-------
Melee: Dagger            |    13 |       |       |       |       |       |       |       ||    13
       Short sword       |    37 |   119 |   238 |   733 |  1699 |  2247 |   827 |       ||  5900
       Unarmed           |       |       |       |       |       |       |  1166 |  1242 ||  2408
 Cast: Ensorcelled Hiber |     2 |     9 |    57 |    90 |    19 |       |       |       ||   177
       Confuse           |       |     1 |     8 |    14 |    36 |     1 |       |       ||    60
       Dazzling Spray    |       |       |     6 |    63 |   132 |   217 |    47 |     8 ||   473
       Shroud of Golubri |       |       |     6 |     4 |       |       |       |       ||    10
       Ozocubu's Armour  |       |       |       |    19 |    69 |    28 |     1 |       ||   117
       Lightning Bolt    |       |       |       |       |    97 |    21 |       |       ||   118
       Repel Missiles    |       |       |       |       |     1 |     8 |    10 |     2 ||    21
       Blink             |       |       |       |       |     1 |       |       |       ||     1
       Statue Form       |       |       |       |       |     2 |    93 |   105 |    63 ||   263
       Stoneskin         |       |       |       |       |       |    56 |   124 |    64 ||   244
       Iron Shot         |       |       |       |       |       |    22 |     2 |       ||    24
       Regeneration      |       |       |       |       |       |     1 |    14 |     9 ||    24
       Blade Hands       |       |       |       |       |       |       |     2 |       ||     2
       Ice Form          |       |       |       |       |       |       |     1 |       ||     1
Invok: Shadow Step       |       |       |       |     2 |       |       |       |       ||     2
 Abil: Evoke Berserk Rag |       |       |       |       |       |       |     1 |     2 ||     3
Evoke: Wand              |       |     3 |     1 |    14 |     6 |    12 |    23 |     8 ||    67
       Fan of gales      |       |       |       |       |       |     1 |       |       ||     1
       Sack of spiders   |       |       |       |       |       |       |     2 |       ||     2
       Box of beasts     |       |       |       |       |       |       |     1 |     1 ||     2
  Use: Scroll            |       |    15 |     2 |    16 |    18 |    15 |    28 |    17 ||   111
       Potion            |       |     1 |       |     5 |     2 |     2 |     4 |     3 ||    17
 Stab: Sleeping          |     9 |    31 |    31 |   115 |   121 |   138 |    99 |    22 ||   566
       Confused          |       |     1 |     1 |     5 |    21 |     2 |       |       ||    30
       Distracted        |       |       |     5 |     3 |    14 |    12 |    12 |     2 ||    48
       Invisible         |       |       |     3 |    11 |    19 |     7 |     1 |       ||    41
       Fleeing           |       |       |       |       |     1 |       |       |       ||     1
  Eat: Chunk             |       |     8 |    14 |    31 |    24 |    54 |    56 |    25 ||   212
       Pizza             |       |       |     1 |     2 |       |     4 |     2 |       ||     9
       Fruit             |       |       |     1 |     5 |     6 |     9 |     5 |     1 ||    27
       Beef jerky        |       |       |       |     3 |     4 |     2 |     4 |     1 ||    14
       Royal jelly       |       |       |       |     1 |       |     3 |     1 |     1 ||     6
       Bread ration      |       |       |       |     1 |     6 |     2 |     3 |     2 ||    14
       Meat ration       |       |       |       |       |     4 |     6 |     3 |     3 ||    16
